Map: [ESL] Dragon Scales

Players

trigger

  • Race: Protoss Protoss
  • League: Grandmaster
  • Spawn Location: 5:00

HeroMarine - Winner!

  • Race: Terran Terran
  • Spawn Location: 11:00

Event: HomeStory Cup XXIII

VOD

Have the link to the VOD?

Description

Time

  • Played on: June 30, 2023, 4:04 p.m.
  • Length: 8:33

All games in this series

Show
View Real Time Build Order
Export as new Build Order

trigger Protoss 

Build Orders: 1 Gate Expand, Blink Stalkers, Colossus Rush 

Get SALT Encoding   

  12  0:00  Probe  
  13  0:12  Probe  
  14  0:16  Pylon  
  14  0:24  Probe (Chrono Boost)  
  16  0:35  Gateway  
  16  0:36  Probe (Chrono Boost)  
  16  0:41  Probe (Chrono Boost)  
  16  0:45  Assimilator  
  17  0:51  Probe  
  18  1:03  Probe  
  19  1:15  Probe  
  20  1:22  Cybernetics Core  
  20  1:31  Nexus  
  20  1:34  Probe  
  21  1:43  Pylon  
  21  1:48  Assimilator  
  21  1:50  Probe  
  22  1:59  Adept (Chrono Boost), Warp Gate  
  24  2:02  Probe  
  25  2:14  Probe  
  26  2:19  Stalker (Chrono Boost)  
  28  2:27  Probe  
  29  2:30  Twilight Council  
  29  2:41  Probe (Chrono Boost)  
  31  2:44  Probe (Chrono Boost)  
  32  2:51  Gateway  
  32  2:55  Probe (Chrono Boost)  
  32  2:56  Probe (Chrono Boost)  
  33  3:05  Probe x2 (Chrono Boost), Blink (Chrono Boost)  
  37  3:20  Probe x2 (Chrono Boost)  
  37  3:25  Robotics Facility  
  37  3:27  Probe x2  
  39  3:39  Probe  
  39  3:40  Probe  
  41  3:44  Nexus  
  41  3:49  Pylon  
  41  3:53  Stalker  
  41  3:55  Probe  
  44  3:56  Probe  
  45  4:05  Assimilator  
  45  4:07  Probe  
  45  4:08  Stalker  
  45  4:09  Probe  
  49  4:12  Observer  
  49  4:13  Assimilator  
  50  4:18  Pylon  
  50  4:19  Probe  
  50  4:21  Probe  
  50  4:23  Stalker  
  54  4:33  Pylon  
  54  4:36  Probe x2  
  56  4:49  Probe (Chrono Boost)  
  56  4:51  Probe (Chrono Boost)  
  57  5:01  Probe (Chrono Boost)  
  57  5:04  Probe (Chrono Boost)  
  57  5:06  Probe (Chrono Boost)  
  59  5:07  Charge (Chrono Boost), Robotics Bay  
  59  5:10  Gateway  
  59  5:11  Probe (Chrono Boost)  
  59  5:12  Probe (Chrono Boost), Gateway, Stalker  
  64  5:14  Probe (Chrono Boost)  
  64  5:18  Probe x2 (Chrono Boost)  
  64  5:19  Pylon  
  66  5:22  Observer  
  66  5:23  Probe  
  67  5:29  Probe x2  
  69  5:35  Probe  
  69  5:41  Probe  
  71  5:44  Probe  
  71  5:45  Gateway  
  71  5:48  Pylon  
  71  5:49  Stalker  
  74  5:52  Colossus (Chrono Boost)  
  74  5:53  Gateway, Forge  
  74  5:56  Pylon  
  80  5:59  Extended Thermal Lance  
  80  6:01  Probe  
  81  6:07  Pylon  
  81  6:09  Pylon  
  81  6:11  Sentry, Shield Battery  
  81  6:12  Zealot x2, Sentry  
  81  6:14  Protoss Ground Weapons Level 1  
  89  6:19  Pylon  
  89  6:23  Pylon  
  89  6:31  Colossus (Chrono Boost)  
  95  6:34  Zealot x2  
  95  6:36  Zealot x2  
  103  6:42  Zealot  
  105  6:51  Stalker  
  107  6:57  Pylon  
  107  7:00  Pylon  
  106  7:04  Zealot x3  
  110  7:17  Pylon  
  110  7:19  Colossus (Chrono Boost)  
  116  7:26  Zealot x6  
  116  7:29  Pylon  
  126  7:31  Pylon  
  126  7:32  Gateway  
  126  7:34  Gateway  
  126  7:35  Templar Archives  
  99  7:46  Zealot  
  99  7:47  Zealot x3  
  79  7:53  Stalker  
  73  8:00  Zealot  
  73  8:07  Stalker x2  
  73  8:08  Zealot x2  
  81  8:19  Zealot  
  71  8:21  Zealot  
  71  8:26  Stalker  
Show
View Real Time Build Order
Export as new Build Order

HeroMarine Terran - Winner!

Build Orders: Reaper Expand 

Get SALT Encoding   

  12  0:00  SCV  
  13  0:12  SCV  
  14  0:17  Supply Depot  
  14  0:24  SCV  
  15  0:38  SCV  
  15  0:39  Barracks  
  16  0:43  Refinery  
  16  0:51  SCV  
  17  1:03  SCV  
  18  1:15  SCV  
  19  1:26  Reaper  
  19  1:27  Orbital Command  
  20  1:43  Command Center  
  20  1:47  Supply Depot  
  20  1:52  SCV  
  21  1:58  Marine  
  22  2:05  SCV  
  22  2:07  Factory  
  23  2:12  Refinery  
  23  2:17  SCV  
  24  2:22  Barracks Reactor  
  24  2:23  Bunker  
  24  2:29  SCV  
  25  2:41  SCV  
  26  2:52  Hellion  
  26  2:53  SCV  
  26  2:56  Orbital Command  
  26  2:58  Starport  
  29  3:01  Marine x2  
  31  3:09  SCV  
  32  3:16  Widow Mine  
  34  3:20  Marine x2  
  34  3:21  SCV  
  34  3:26  SCV  
  38  3:33  SCV  
  39  3:34  Medivac  
  39  3:35  Supply Depot  
  39  3:38  SCV  
  44  3:45  Marine, SCV  
  44  3:46  Marine, Factory Tech Lab  
  45  3:50  SCV  
  45  3:54  Barracks  
  46  3:57  SCV  
  47  4:03  SCV, Marine  
  47  4:04  Marine  
  47  4:09  SCV  
  51  4:10  Factory Tech Lab  
  51  4:11  Raven  
  51  4:12  Supply Depot  
  51  4:15  SCV  
  54  4:19  Engineering Bay  
  54  4:20  Barracks  
  54  4:24  Supply Depot  
  54  4:33  SCV x2, Siege Tank  
  54  4:35  Refinery  
  59  4:41  Marine  
  59  4:42  Marine  
  59  4:45  SCV x2  
  58  4:56  Terran Infantry Weapons Level 1  
  58  4:58  Barracks, SCV x2, Refinery  
  58  4:59  Barracks  
  60  5:00  Stimpack  
  60  5:01  Marine  
  60  5:02  Marine  
  60  5:04  Marine  
  63  5:10  SCV x2  
  65  5:14  Siege Tank  
  65  5:19  Marine, Barracks Tech Lab  
  65  5:20  Marine  
  70  5:25  Supply Depot  
  70  5:27  Supply Depot  
  70  5:31  Marine  
  70  5:32  Starport Reactor  
  70  5:34  SCV  
  70  5:35  SCV  
  73  5:37  Marine  
  73  5:38  Marine, Supply Depot  
  75  5:43  Marine  
  75  5:47  Marine, Siege Tank  
  75  5:49  Marine  
  81  5:50  Marine  
  81  5:55  Marine  
  83  5:57  Combat Shield  
  83  5:58  Marine  
  85  6:04  Supply Depot  
  85  6:05  Marine  
  85  6:09  Marauder x2, Medivac  
  85  6:10  Medivac  
  93  6:16  Supply Depot  
  93  6:19  Siege Tank  
  93  6:22  Marine x3  
  99  6:25  Marine  
  99  6:31  Marauder x2  
  104  6:39  Viking  
  106  6:40  Marine x2  
  106  6:44  Viking  
  110  6:52  Marauder x2  
  110  6:53  Marine x2  
  116  6:58  Marine  
  115  7:09  Viking  
  117  7:19  Marauder x2, Viking, Supply Depot  
  123  7:23  Siege Tank  
  126  7:31  Marine x2  
  126  7:33  Marine  
  123  7:38  Marine  
  123  7:39  Viking  
  123  7:41  Marauder x2  
  118  7:49  Marine, Viking  
  115  7:56  Marine x2  
  115  7:57  Siege Tank  
  115  7:58  Marine  
  114  8:02  Marauder x2  
  118  8:09  Marine  
  119  8:13  Marine  
Tags
 
Add a new tag
Caveats
  • Supply blocks, unpowered buildings, or Contaminate may cause inaccurate times.
  • Supply counts are checked every 10 seconds.